General information
- name: BNet
- type: Ladder team game (AT/RT)
- host: Battle.net
- saver: HollywoodHogan
map: Friends
- players: 8
- length: 94:13
- speed: Fast
- version: 1.26 W3XP
- replay type: Public
» download(339 KB)
Players
team 1 (loser)
BrickSquad1017 (
orange | 45 APM | 1357 actions | 30:22)
4 Blademaster
3 Wind Walk
1 Critical Strike
5 Shadow Hunter
3 Healing Wave
2 Hex
1 Far Seer
1 Chain Lighting
» actions
| Basic commands | 4 | |
| Build / train | 80 | |
| Enter build submenu | 23 | |
| Enter hero's abilities submenu | 11 | |
| Remove unit from queue | 1 | |
| Right click | 735 | |
| Select / deselect | 409 | |
| Use ability | 94 | |
1357 total
» units
| Peon | 10 | |
| Grunt | 2 | |
| Wind Rider | 5 | |
| Troll Batrider | 3 | |
| Demolisher | 1 | |
| Raider | 12 | |
| Tauren | 1 | |
| Shaman | 6 | |
| Goblin Shredder | 2 | |
| Troll Headhunter/Berserker | 2 | |
44 total
» upgrades
| Armor | 3 | |
| Ranged Weapons | 3 | |
| Ensnare | 1 | |
| Shaman Training | 2 | |
| Pulverize | 1 | |
| Melee Weapons | 1 | |
| Witch Doctor Training | 1 | |
| Pillage | 1 | |
13 total
» buildings
| Altar of Storms | 1 | |
| Orc Burrow | 10 | |
| Barracks | 1 | |
| War Mill | 1 | |
| Stronghold | 4 | |
| Voodoo Lounge | 2 | |
| Beastiary | 2 | |
| Fortress | 1 | |
| Great Hall | 1 | |
| Spirit Lodge | 1 | |
| Tauren Totem | 1 | |
25 total
» build order
00:09 Altar of Storms
00:15 Orc Burrow
00:37 Barracks
01:37 War Mill
02:40 Stronghold
02:50 Orc Burrow
03:12 Voodoo Lounge
04:02 Orc Burrow
05:09 Beastiary
05:14 Beastiary
07:04 Orc Burrow
07:56 Orc Burrow
11:39 Fortress
13:04 Great Hall
13:10 Spirit Lodge
14:40 Tauren Totem
17:38 Orc Burrow
17:42 Orc Burrow
17:47 Orc Burrow
17:53 Orc Burrow
19:14 Orc Burrow
23:38 Voodoo Lounge
29:28 Stronghold
mass-effect-3 (
purple | 48 APM | 4562 actions | 94:11)
9 Archmage
3 Summon Water Elemental
3 Brilliance Aura
1 Mass Teleport
2 Blizzard
8 Firelord
3 Summon Lava Spawn
3 Soul Burn
1 Volcano
1 Incinerate
» actions
| Assign group hotkey | 55 | |
| Basic commands | 194 | |
| Build / train | 173 | |
| Enter build submenu | 59 | |
| Enter hero's abilities submenu | 17 | |
| Remove unit from queue | 1 | |
| Right click | 2041 | |
| Select / deselect | 764 | |
| Select group hotkey | 889 | |
| Use ability | 369 | |
4562 total
» units
| Peasant | 30 | |
| Footman | 5 | |
| Goblin Shredder | 10 | |
| Gryphon Rider | 9 | |
| Rifleman | 3 | |
| Goblin Zeppelin | 2 | |
| Goblin Sapper | 17 | |
| Mortar Team | 24 | |
100 total
» upgrades
| Masonry | 3 | |
| Lumber Harvesting | 1 | |
| Swords | 3 | |
| Animal War Training | 1 | |
| Armor | 3 | |
| Storm Hammers | 1 | |
| Gunpowder | 3 | |
| Long Rifles | 1 | |
| Plating | 2 | |
| Magic Sentry | 1 | |
| Priest Training | 2 | |
| Sorceress Training | 2 | |
| Flare | 1 | |
| Fragmentation Shards | 1 | |
25 total
» buildings
| Altar of Kings | 1 | |
| Barracks | 2 | |
| Farm | 99 | |
| Scout Tower | 20 | |
| Arcane Vault | 1 | |
| Arcane Tower | 1 | |
| Keep | 3 | |
| Lumber Mill | 1 | |
| Blacksmith | 1 | |
| Guard Tower | 14 | |
| Castle | 1 | |
| Gryphon Aviary | 3 | |
| Town Hall | 3 | |
| Arcane Sanctum | 4 | |
| Workshop | 6 | |
160 total
» build order
00:06 Altar of Kings
00:21 Barracks
00:36 Farm
00:51 Farm
01:38 Farm
01:43 Scout Tower
01:57 Arcane Vault
02:23 Arcane Tower
03:33 Keep
03:34 Keep
03:38 Farm
04:21 Lumber Mill
04:31 Blacksmith
04:34 Scout Tower
04:36 Scout Tower
04:37 Scout Tower
05:32 Guard Tower
05:41 Scout Tower
05:43 Scout Tower
05:43 Scout Tower
05:44 Scout Tower
05:45 Scout Tower
05:48 Scout Tower
05:50 Scout Tower
05:51 Scout Tower
06:44 Farm
06:49 Guard Tower
07:19 Guard Tower
07:45 Castle
08:03 Guard Tower
08:18 Gryphon Aviary
08:52 Gryphon Aviary
08:53 Gryphon Aviary
09:00 Guard Tower
10:05 Farm
10:06 Farm
10:06 Farm
12:15 Town Hall
13:05 Scout Tower
13:05 Scout Tower
13:28 Guard Tower
13:28 Guard Tower
13:34 Guard Tower
13:36 Guard Tower
13:36 Guard Tower
14:20 Scout Tower
14:20 Scout Tower
14:21 Scout Tower
14:21 Scout Tower
14:21 Scout Tower
15:09 Guard Tower
15:19 Barracks
15:31 Guard Tower
15:38 Farm
15:38 Farm
15:39 Farm
15:40 Farm
18:59 Farm
30:23 Town Hall
50:56 Arcane Sanctum
50:59 Arcane Sanctum
51:01 Arcane Sanctum
51:02 Arcane Sanctum
51:48 Farm
56:24 Town Hall
58:12 Farm
58:13 Farm
58:33 Farm
58:35 Farm
58:36 Farm
58:38 Farm
58:39 Farm
58:43 Farm
58:44 Farm
58:51 Farm
58:54 Farm
58:55 Farm
58:58 Farm
58:59 Farm
59:00 Farm
59:05 Farm
59:08 Farm
59:12 Farm
59:19 Farm
59:30 Farm
59:32 Farm
59:34 Farm
59:35 Farm
59:39 Farm
59:40 Farm
59:45 Farm
59:46 Farm
59:47 Farm
59:48 Farm
59:51 Farm
59:53 Farm
60:10 Farm
60:11 Farm
60:13 Farm
60:14 Farm
60:16 Farm
60:31 Farm
60:33 Farm
60:37 Farm
60:38 Farm
61:00 Farm
61:02 Farm
61:10 Farm
61:12 Farm
61:13 Farm
61:14 Farm
61:16 Farm
61:17 Farm
61:19 Farm
61:20 Farm
61:21 Farm
61:23 Farm
61:24 Farm
61:26 Farm
61:43 Farm
61:44 Farm
61:47 Farm
61:57 Farm
61:59 Farm
62:00 Farm
62:01 Farm
62:02 Farm
62:03 Farm
62:04 Farm
62:09 Farm
62:10 Farm
62:11 Farm
62:12 Farm
62:13 Farm
62:14 Farm
62:15 Farm
62:16 Farm
62:18 Farm
62:19 Farm
63:30 Farm
66:47 Farm
70:08 Farm
70:10 Farm
70:11 Farm
70:12 Farm
70:19 Farm
72:44 Farm
72:50 Farm
73:09 Farm
73:11 Farm
84:37 Workshop
84:37 Workshop
84:38 Workshop
84:39 Workshop
86:27 Workshop
86:28 Workshop
» items
| Scroll of Regeneration | 2 | |
| Ivory Tower | 3 | |
| Potion of Healing | 1 | |
| Scroll of Town Portal | 2 | |
| Potion of Divinity | 1 | |
9 total
Ms.New_Booty (
green | 16 APM | 926 actions | 57:12)
5 Shadow Hunter
3 Healing Wave
2 Hex
» actions
| Assign group hotkey | 14 | |
| Build / train | 56 | |
| Enter build submenu | 36 | |
| Enter hero's abilities submenu | 5 | |
| Remove unit from queue | 1 | |
| Right click | 288 | |
| Select / deselect | 296 | |
| Select group hotkey | 165 | |
| Use ability | 63 | |
926 total
» units
| Peon | 11 | |
| Grunt | 6 | |
| Tauren | 9 | |
| Shaman | 8 | |
34 total
» upgrades
| Pillage | 1 | |
| Melee Weapons | 3 | |
| Armor | 2 | |
| Berserker Strength | 1 | |
| Shaman Training | 2 | |
| Pulverize | 1 | |
10 total
» buildings
| War Mill | 1 | |
| Orc Burrow | 9 | |
| Altar of Storms | 1 | |
| Barracks | 1 | |
| Watch Tower | 10 | |
| Stronghold | 1 | |
| Voodoo Lounge | 3 | |
| Fortress | 1 | |
| Spirit Lodge | 1 | |
| Tauren Totem | 3 | |
31 total
» build order
00:35 War Mill
00:49 Orc Burrow
01:05 Altar of Storms
01:19 Barracks
02:06 Orc Burrow
02:35 Orc Burrow
02:42 Watch Tower
03:19 Watch Tower
03:38 Watch Tower
04:06 Watch Tower
04:33 Orc Burrow
05:46 Stronghold
07:10 Orc Burrow
07:14 Voodoo Lounge
08:08 Fortress
09:01 Spirit Lodge
10:38 Voodoo Lounge
10:42 Tauren Totem
12:14 Tauren Totem
12:47 Orc Burrow
13:16 Tauren Totem
13:21 Orc Burrow
13:31 Watch Tower
14:07 Voodoo Lounge
15:49 Watch Tower
17:36 Orc Burrow
17:42 Watch Tower
17:46 Watch Tower
17:50 Watch Tower
18:40 Orc Burrow
18:49 Watch Tower
» items
| Scroll of Town Portal | 2 | |
| Orb of Lightning | 1 | |
| Healing Salve | 1 | |
4 total
Chii_the_chobit (
blue | 30 APM | 845 actions | 27:59)
6 Warden
2 Shadow Strike
2 Fan of Knives
1 Blink
1 Spirit of Vengeance
» actions
| Basic commands | 31 | |
| Build / train | 68 | |
| Enter build submenu | 13 | |
| Enter hero's abilities submenu | 6 | |
| Give item / drop item | 1 | |
| Right click | 393 | |
| Select / deselect | 275 | |
| Use ability | 58 | |
845 total
» units
» upgrades
| Moon Armor | 2 | |
| Strength of the Moon | 3 | |
| Improved Bows | 1 | |
| Marksmanship | 1 | |
| Upgrade Moon Glaive | 1 | |
8 total
» buildings
| Moon Well | 7 | |
| Altar of Elders | 1 | |
| Ancient of War | 2 | |
| Ancient of Wonders | 1 | |
| Hunter's Hall | 1 | |
| Tree of Ages | 1 | |
| Tree of Eternity | 1 | |
| Tree of Life | 1 | |
15 total
» build order
00:07 Moon Well
00:10 Altar of Elders
00:13 Ancient of War
02:02 Moon Well
02:24 Moon Well
02:36 Ancient of Wonders
03:34 Hunter's Hall
04:27 Ancient of War
07:00 Moon Well
07:04 Moon Well
07:22 Tree of Ages
10:26 Moon Well
11:26 Moon Well
14:34 Tree of Eternity
25:36 Tree of Life
» items
| Orb of Fire | 1 | |
| Scroll of Regeneration | 1 | |
| Potion of Healing | 1 | |
| Potion of Mana | 1 | |
4 total
team 2 (winner)

»
UhNigMa (
teal | 53 APM | 1068 actions | 20:10)
5 Beastmaster
3 Summon Bear
2 Summon Quilbeast
» actions
| Assign group hotkey | 18 | |
| Basic commands | 38 | |
| Build / train | 46 | |
| Enter build submenu | 13 | |
| Enter hero's abilities submenu | 5 | |
| Right click | 615 | |
| Select / deselect | 228 | |
| Select group hotkey | 62 | |
| Use ability | 43 | |
1068 total
» units
| Wisp | 16 | |
| Archer | 8 | |
| Hippogryph | 6 | |
| Goblin Zeppelin | 1 | |
31 total
» upgrades
| Strength of the Moon | 3 | |
| Moon Armor | 3 | |
| Hippogryph Taming | 1 | |
7 total
» buildings
| Altar of Elders | 2 | |
| Moon Well | 5 | |
| Ancient of War | 2 | |
| Tree of Ages | 1 | |
| Hunter's Hall | 1 | |
| Ancient of Wind | 2 | |
| Tree of Eternity | 1 | |
| Tree of Life | 1 | |
15 total
» build order
00:08 Altar of Elders
00:08 Moon Well
00:14 Altar of Elders
01:52 Ancient of War
01:52 Ancient of War
02:00 Moon Well
02:30 Moon Well
04:51 Tree of Ages
06:00 Hunter's Hall
06:06 Moon Well
06:07 Moon Well
07:46 Ancient of Wind
08:16 Ancient of Wind
11:45 Tree of Eternity
18:45 Tree of Life
HollywoodHogan (
yellow | 34 APM | 3245 actions | 94:13)
10 Blademaster
3 Wind Walk
3 Critical Strike
1 Bladestorm
3 Mirror Image
» actions
| Assign group hotkey | 125 | |
| Basic commands | 45 | |
| Build / train | 159 | |
| Enter build submenu | 85 | |
| Enter hero's abilities submenu | 10 | |
| Give item / drop item | 12 | |
| Remove unit from queue | 10 | |
| Right click | 1736 | |
| Select / deselect | 638 | |
| Select group hotkey | 156 | |
| Use ability | 267 | |
3245 total
» units
| Peon | 58 | |
| Grunt | 3 | |
| Wind Rider | 20 | |
| Goblin Shredder | 1 | |
| Goblin Zeppelin | 3 | |
| Goblin Sapper | 4 | |
| Troll Batrider | 1 | |
90 total
» upgrades
| Ranged Weapons | 3 | |
| Armor | 3 | |
| Spiked Barricades | 3 | |
| Reinforced Defenses | 1 | |
| Envenomed Spears | 1 | |
| Pillage | 1 | |
12 total
» buildings
| Orc Burrow | 6 | |
| Altar of Storms | 2 | |
| Barracks | 1 | |
| Voodoo Lounge | 3 | |
| Stronghold | 1 | |
| War Mill | 4 | |
| Watch Tower | 52 | |
| Beastiary | 3 | |
| Great Hall | 11 | |
| Fortress | 1 | |
| Moon Well | 30 | |
114 total
» build order
00:30 Orc Burrow
00:34 Altar of Storms
00:36 Altar of Storms
01:01 Barracks
01:23 Orc Burrow
01:52 Voodoo Lounge
02:26 Voodoo Lounge
02:55 Stronghold
03:34 War Mill
05:06 Watch Tower
05:09 Watch Tower
05:09 Watch Tower
05:26 Beastiary
05:29 Beastiary
06:34 Beastiary
07:17 Watch Tower
07:39 Orc Burrow
07:42 Orc Burrow
11:47 War Mill
12:09 Great Hall
12:19 Watch Tower
12:23 Watch Tower
14:22 Watch Tower
14:22 Watch Tower
14:52 Great Hall
16:44 Fortress
17:40 Watch Tower
17:40 Watch Tower
17:41 Watch Tower
17:42 Watch Tower
17:43 Watch Tower
17:44 Watch Tower
17:51 Watch Tower
17:53 Watch Tower
18:38 Watch Tower
18:38 Watch Tower
18:39 Watch Tower
18:39 Watch Tower
22:00 Moon Well
22:00 Moon Well
22:00 Moon Well
22:01 Moon Well
22:02 Moon Well
22:02 Moon Well
22:03 Moon Well
22:03 Moon Well
22:04 Moon Well
22:05 Moon Well
24:18 Watch Tower
24:21 Watch Tower
24:22 Watch Tower
24:23 Watch Tower
25:51 Watch Tower
25:51 Watch Tower
25:51 Watch Tower
25:52 Watch Tower
28:26 Orc Burrow
28:34 Great Hall
29:55 Watch Tower
29:55 Watch Tower
29:56 Watch Tower
29:56 Watch Tower
29:58 Watch Tower
29:58 Watch Tower
29:59 Watch Tower
29:59 Watch Tower
29:59 Watch Tower
31:04 War Mill
31:07 War Mill
31:34 Moon Well
31:34 Moon Well
31:34 Moon Well
31:35 Moon Well
31:35 Moon Well
31:35 Moon Well
31:35 Moon Well
31:38 Moon Well
31:39 Moon Well
31:39 Moon Well
31:40 Moon Well
31:40 Moon Well
31:41 Moon Well
31:42 Moon Well
31:42 Moon Well
31:43 Moon Well
31:44 Moon Well
31:44 Moon Well
35:00 Watch Tower
35:00 Watch Tower
35:05 Watch Tower
35:06 Watch Tower
35:14 Watch Tower
35:15 Watch Tower
35:16 Watch Tower
35:17 Watch Tower
35:18 Watch Tower
35:19 Watch Tower
36:39 Watch Tower
36:40 Watch Tower
36:40 Watch Tower
36:41 Watch Tower
36:43 Watch Tower
36:47 Great Hall
37:44 Great Hall
45:26 Voodoo Lounge
45:38 Great Hall
49:07 Great Hall
53:38 Orc Burrow
57:08 Great Hall
57:11 Great Hall
58:52 Great Hall
60:28 Great Hall
» items
| Healing Salve | 6 | |
| Lesser Clarity Potion | 7 | |
| Orb of Lightning | 1 | |
| Potion of Mana | 2 | |
| Potion of Healing | 2 | |
| Scroll of Town Portal | 2 | |
| Tiny Great Hall | 1 | |
| Dust of Appearance | 1 | |
| Scroll of Healing | 1 | |
| Orb of Corruption | 1 | |
| Ankh of Reincarnation | 1 | |
| Alleria's Flute of Accuracy | 1 | |
| Runed Bracers | 4 | |
| Boots of Quel'Thalas +6 | 2 | |
32 total

»
L337er (
pink | 18 APM | 1701 actions | 94:11)
3 Blademaster
1 Wind Walk
1 Critical Strike
1 Mirror Image
1 Dark Ranger
1 Black Arrow
» actions
| Basic commands | 90 | |
| Build / train | 108 | |
| Enter build submenu | 28 | |
| Enter hero's abilities submenu | 4 | |
| Right click | 570 | |
| Select / deselect | 816 | |
| Use ability | 85 | |
1701 total
» units
| Peon | 13 | |
| Wind Rider | 10 | |
| Troll Batrider | 31 | |
| Frost Wyrm | 9 | |
| Acolyte | 5 | |
| Demolisher | 3 | |
| Gargoyle | 3 | |
74 total
» upgrades
| Ranged Weapons | 3 | |
| Envenomed Spears | 1 | |
| Armor | 3 | |
| Liquid Fire | 1 | |
| Freezing Breath | 1 | |
| Melee Weapons | 1 | |
| Burning Oil | 1 | |
| Creature Attack | 1 | |
| Creature Carapace | 1 | |
13 total
» buildings
| Altar of Storms | 1 | |
| Orc Burrow | 6 | |
| War Mill | 1 | |
| Voodoo Lounge | 1 | |
| Stronghold | 1 | |
| Watch Tower | 6 | |
| Fortress | 1 | |
| Beastiary | 4 | |
| Barracks | 2 | |
| Spirit Tower | 1 | |
| Great Hall | 1 | |
25 total
» build order
00:11 Altar of Storms
00:20 Orc Burrow
00:42 War Mill
01:16 Orc Burrow
01:43 Voodoo Lounge
02:13 Orc Burrow
02:50 Orc Burrow
03:20 Stronghold
03:46 Watch Tower
04:12 Watch Tower
04:15 Watch Tower
05:13 Orc Burrow
05:42 Fortress
05:45 Beastiary
05:47 Beastiary
06:16 Watch Tower
06:18 Watch Tower
06:54 Beastiary
07:29 Beastiary
10:17 Watch Tower
23:04 Barracks
23:08 Barracks
24:11 Orc Burrow
30:58 Spirit Tower
34:29 Great Hall
» items
| Healing Salve | 4 | |
| Lesser Clarity Potion | 3 | |
| Orb of Lightning | 1 | |
| Potion of Healing | 2 | |
| Scroll of Town Portal | 3 | |
13 total

»
DoYouLikeWaffle (
red | 55 APM | 1104 actions | 20:15)
2 Death Knight
1 Death Coil
1 Unholy Aura
4 Dark Ranger
2 Black Arrow
2 Silence
» actions
| Basic commands | 1 | |
| Build / train | 72 | |
| Enter build submenu | 16 | |
| Enter hero's abilities submenu | 6 | |
| Remove unit from queue | 5 | |
| Right click | 748 | |
| Select / deselect | 219 | |
| Use ability | 37 | |
1104 total
» units
| Acolyte | 2 | |
| Ghoul | 4 | |
| Crypt Fiend | 22 | |
| Obsidian Statue | 2 | |
30 total
» upgrades
| Creature Carapace | 2 | |
| Creature Attack | 2 | |
| Web | 1 | |
5 total
» buildings
| Crypt | 1 | |
| Ziggurat | 9 | |
| Altar of Darkness | 1 | |
| Graveyard | 1 | |
| Nerubian Tower | 3 | |
| Halls of the Dead | 3 | |
| Spirit Tower | 7 | |
| Slaughterhouse | 1 | |
| Sacrificial Pit | 1 | |
| Tomb of Relics | 1 | |
| Black Citadel | 1 | |
| Boneyard | 2 | |
31 total
» build order
00:13 Crypt
00:17 Ziggurat
00:35 Altar of Darkness
01:01 Ziggurat
01:27 Graveyard
02:07 Ziggurat
02:22 Ziggurat
03:29 Nerubian Tower
03:30 Nerubian Tower
03:30 Nerubian Tower
04:45 Ziggurat
05:47 Halls of the Dead
05:47 Halls of the Dead
05:47 Halls of the Dead
05:49 Spirit Tower
05:49 Spirit Tower
06:02 Spirit Tower
06:02 Spirit Tower
06:03 Spirit Tower
06:57 Spirit Tower
06:59 Spirit Tower
07:23 Ziggurat
08:09 Slaughterhouse
08:13 Sacrificial Pit
09:47 Tomb of Relics
14:42 Black Citadel
17:51 Boneyard
17:52 Boneyard
18:21 Ziggurat
18:21 Ziggurat
18:22 Ziggurat
Chat log
(00:10 / All) HollywoodHogan: CUZ WATCHA GONNA DO BROTHER
(00:18 / All) HollywoodHogan: WHEN THESE 24 INCH PYTHONS RUN WILD ALL OVER YOU?
(00:26 / Allies) UhNigMa: rush?
(00:37 / Allies) DoYouLikeWaffle: sure
(00:46 / Allies) HollywoodHogan: HEY HULKSTERS
(00:56 / Allies) HollywoodHogan: I'M GETTING THEM BIG BAD WYVERNS
(01:04 / All) mass-effect-3: ghostbusters best movie eva
(01:12 / Allies) DoYouLikeWaffle: are we rushing?
(01:15 / Allies) HollywoodHogan: FIRST IM GETTING THEM BIG ROUGH AND TOUGH GRUNTS
(02:40 / Allies) UhNigMa: were rushing
(02:42 / Allies) UhNigMa: get fucking units
(02:54 / Allies) UhNigMa: pink get units
(03:35 / Allies) UhNigMa: pinik
(03:37 / Allies) UhNigMa: your a fucker
(03:56 / Allies) HollywoodHogan: wait a sec
(04:43 / Allies) UhNigMa: give yellow
(04:45 / Allies) UhNigMa: fuck u
(06:39 / Allies) UhNigMa: attack red
(06:53 / Allies) DoYouLikeWaffle: rofl
(06:58 / Allies) UhNigMa: we got raped
(07:18 / Allies) HollywoodHogan: wood plz
(07:34 / Allies) UhNigMa: go some bats pink
(08:37 / Allies) UhNigMa: aim the dead units
(09:13 / Allies) UhNigMa: rofl
(09:15 / Allies) UhNigMa: pink ur shit
(09:36 / Allies) DoYouLikeWaffle: they are hitting us
(09:49 / Allies) UhNigMa: will be ready?
(10:03 / Allies) DoYouLikeWaffle: i hope
(10:21 / Allies) UhNigMa: rofl
(10:26 / Allies) UhNigMa: how much you guys blow makes me laugh
(10:35 / Allies) UhNigMa: lik that shit
(11:27 / Allies) UhNigMa: were going to lose
(11:35 / Allies) UhNigMa: pink doesnt upgrade his shit at the WARMILL
(11:36 / Allies) UhNigMa: fuck
(12:24 / Allies) UhNigMa: watch him get raped
(12:41 / Allies) UhNigMa: kill the fucking burrows retard
(12:44 / Allies) UhNigMa: jesus
(12:58 / Allies) UhNigMa: lol
(13:04 / Allies) UhNigMa: andRAPED
(13:18 / Allies) UhNigMa: b red
(13:20 / Allies) UhNigMa: b red
(13:21 / Allies) UhNigMa: b red
(13:24 / Allies) UhNigMa: b to me
(13:41 / Allies) UhNigMa: FUCKING FIGHT
(15:03 / Allies) UhNigMa: yellow come
(15:05 / Allies) UhNigMa: come yellow
(16:22 / Allies) UhNigMa: keep sending
(16:59 / Allies) UhNigMa: red learn how to fucking please
(17:05 / Allies) UhNigMa: lol
(17:07 / Allies) UhNigMa: yes
(17:08 / Allies) UhNigMa: your shit
(17:09 / All) L337er: uh oh
(17:10 / Allies) UhNigMa: fucker
(17:17 / All) L337er: lol
(18:02 / Allies) UhNigMa: ur so bad pink
(18:14 / Allies) UhNigMa: you have 31 food lol
(18:16 / Allies) UhNigMa: with 1 k
(18:17 / Allies) UhNigMa: ur shit
(18:38 / Allies) DoYouLikeWaffle: wow rly pink
(18:47 / All) L337er: ya i don't play with homos
(18:53 / Allies) HollywoodHogan: ?
(19:12 / Allies) UhNigMa: we could of just won lol
(19:26 / Allies) DoYouLikeWaffle: yeah lol
(19:34 / Allies) UhNigMa: you need to stop running and fight red fuck
(20:00 / Allies) UhNigMa: yellow kill his air
(20:45 / All) BrickSquad1017: lol pusss quit
(20:55 / All) BrickSquad1017: got scared
(27:50 / All) mass-effect-3: lawl
(28:08 / Allies) L337er: looks like we win
(28:41 / All) mass-effect-3: "welcome to blacklist enjoy ur new ip"- blue
(30:04 / All) BrickSquad1017: ur the biggest fuckin clown
(30:09 / All) mass-effect-3: lawl
(30:13 / All) mass-effect-3: no im not a clown orange
(30:18 / All) BrickSquad1017: go suck a dick u ass packin cunt
(30:26 / All) L337er: gg n00bs
(31:29 / All) mass-effect-3: I DID NOT want to kill a fellow stabber pink
(31:32 / All) mass-effect-3: but u left me with no choice
(31:41 / All) L337er: u r fine!
(31:50 / All) mass-effect-3: did u really kill teal
(31:56 / All) mass-effect-3: i heard he was whining
(32:00 / All) L337er: i only stabbed her cuz she cryin
(32:10 / All) L337er: normally don't bs
(32:38 / All) mass-effect-3: i doubt u'll stay in the game?
(32:48 / All) L337er: i'll stay till end
(32:53 / Allies) L337er: my homie may win it
(32:53 / All) mass-effect-3: OH I SEE
(32:56 / All) mass-effect-3: that changes things
(33:10 / All) mass-effect-3: would u stay if we killed all our units and left one building on each side?
(33:19 / Allies) L337er: thx
(33:19 / All) mass-effect-3: same question for you, green,
(33:20 / All) L337er: thx
(33:58 / All) mass-effect-3: where u at niggafree rifles at reds
(36:04 / All) mass-effect-3: green u here
(41:19 / Allies) L337er: ok good luck buddy
(47:18 / All) mass-effect-3: i remember when i first saw volcanoe i thought it was a hack
(47:55 / Allies) L337er: lol dummy get an orb of lightning already, sheesh
(48:06 / All) HollywoodHogan: he says I should get an orb of lightning already
(48:10 / Allies) L337er: i'll check back in on you in 5 minutes
(48:13 / All) HollywoodHogan: I sold all my items
(48:16 / All) mass-effect-3: i thought pink was not ignorant
(48:18 / All) HollywoodHogan: He's gonna check back on me in 5 minutes
(52:50 / All) Ms.New_Booty: go yellow go... I hope you win
(52:54 / All) HollywoodHogan: lozl
(53:03 / All) HollywoodHogan: Feel free to kill that BM
(53:05 / All) mass-effect-3: yellow sucks ass ill rape him
(53:07 / All) HollywoodHogan: I need roster space
(53:34 / All) Ms.New_Booty: his base is weak... go hit his mines in the top left
(53:49 / All) HollywoodHogan: Thanks for the tip, I'll be sure to utilize it
(54:06 / All) HollywoodHogan: I have 65,000 gold
(54:12 / All) HollywoodHogan: This is not nearly enough
(54:15 / All) mass-effect-3: 20k
(54:19 / All) mass-effect-3: i had 190k on this map before
(54:33 / All) HollywoodHogan: Well if I drain all the mines I'll easily top that
(54:37 / All) Ms.New_Booty: man we had yall till he killed all our bases. I hope you win I'm going to take a shower
(55:19 / All) Ms.New_Booty: purp is a queer... they act like this in real life too.
(55:22 / All) HollywoodHogan: Okay babe, clean your cooch I'll be there in 10 minutes
(55:41 / All) Ms.New_Booty: you should. I got to work tonight though
(55:43 / All) mass-effect-3: who is they
(57:22 / All) mass-effect-3: 100 food of shredders go in a circle in a railroad track of farms
(57:40 / All) HollywoodHogan: Too much effort, not enough amusement
(57:48 / All) HollywoodHogan: That racetrack of hellions tho was funny
(57:54 / All) HollywoodHogan: Hellion NASCAR
(57:55 / All) mass-effect-3: would be if there were more people
(57:59 / All) HollywoodHogan: You did that right?
(58:04 / All) mass-effect-3: YES
(58:19 / All) HollywoodHogan: 88k
(58:24 / All) mass-effect-3: me and rod did the merry go round of 200 shredders on golems in mist
(58:28 / All) mass-effect-3: around entire map
(59:25 / All) mass-effect-3: ill do a mini one with sappers
(59:41 / All) HollywoodHogan: HOW DOES IT FEEL
(59:45 / All) HollywoodHogan: HOW SHOULD I FEEL?
(59:48 / All) HollywoodHogan: TELL ME HOW DOES IT FEEL
(59:51 / All) HollywoodHogan: TO TREAT ME LIKE YOU DO!
(61:20 / All) L337er: still at it eh? OK good luck!!
(61:45 / All) HollywoodHogan: Yeah man I'm just chilling, listening to orgy
(61:52 / All) HollywoodHogan: Thank I'll rub one out
(61:55 / All) HollywoodHogan: Think*
(63:38 / All) mass-effect-3: merry go round complete just need participants
(68:34 / All) mass-effect-3: they arent cooperating
(73:41 / All) mass-effect-3: do u have invisible shit or somethign
(75:44 / All) mass-effect-3: u see this nigga
(75:47 / All) mass-effect-3: middle left
(75:56 / All) mass-effect-3: its a weak merry go round
(77:44 / All) HollywoodHogan: 200k
(77:47 / All) HollywoodHogan: Broke your record
(78:05 / All) mass-effect-3: rod on msn show him bday card
(78:13 / All) mass-effect-3: look a tmy merry go round
(78:15 / All) mass-effect-3: middle left
(79:31 / All) mass-effect-3: the big ass one on golems in mist was actually very fluid
(79:58 / All) HollywoodHogan: I got my money on shredder number #1
(91:05 / All) HollywoodHogan: Jealous
(91:13 / All) mass-effect-3: yea jealous indeed
(91:21 / All) HollywoodHogan: 271350
(91:26 / All) HollywoodHogan: Eat that boi